 Dungeon Crawl Stone Soup version 0.31-a0-196-g86fe4a5e66 (webtiles) character file.

Game seed: 2417211007777160971

1442 qw the Skirmisher (level 8, -4/46 HPs)
             Began as a Deep Elf Hunter on June 24, 2023.
             Killed from afar by a steam dragon (8 damage)
             ... with a ball of steam
             ... on level 6 of the Dungeon.
             The game lasted 00:01:43 (4317 turns).

qw the Skirmisher (Deep Elf Hunter)                 Turns: 4317, Time: 00:01:43

Health: -4/46      AC: 10    Str: 10    XL:     8   Next: 46%
Magic:  10/10      EV: 14    Int: 15    God:
Gold:   446        SH:  0    Dex: 18    Spells: 7/7 levels left

rFire   . . .        Y - +3 orcbow (freeze)
rCold   + . .        (shield currently unavailable)
rNeg    . . .        a - +1 leather armour {rC+}
rPois   .            f - +2 helmet
rElec   .            (no cloak)
rCorr   .            r - +1 pair of gloves
SInv    .            j - +0 pair of boots
Will    .....        (no amulet)
Stlth   ++           (no ring)
HPRegen 0.27/turn    (no ring)
MPRegen 0.12/turn

%: no passive effects
@: no status effects
A: no striking features
a: no special abilities


You were on level 6 of the Dungeon.
You visited 1 branch of the dungeon, and saw 6 of its levels.
You also visited: Sewer.

You collected 481 gold pieces.
You spent 35 gold pieces at shops.


   Skills:
 - Level 3.4 Fighting
 - Level 12.5 Ranged Weapons
 - Level 1.8 Armour
 + Level 4.6 Dodging
 - Level 1.2 Stealth


You had 7 spell levels left.
You didn't know any spells.
Your spell library was empty.

Inventory:

Hand Weapons
 Y - a +3 orcbow of freezing (weapon)
Armour
 a - a +1 leather armour of cold resistance (worn)
 d - a +0 ring mail
 f - a +2 helmet (worn)
 j - a +0 pair of boots (worn)
 r - a +1 pair of gloves (worn)
 s - the +0 robe "Loyxtimn" {Str+3}
   (You found it on level 6 of the Dungeon)

   Str:       It affects your strength (+3).
Jewellery
 l - a ring of ice
Wands
 m - a wand of digging (4)
Scrolls
 c - a scroll of identify
 q - 3 scrolls of enchant armour {unknown}
Potions
 b - 3 potions of mutation
 e - a potion of curing
 g - a potion of cancellation
 i - a potion of enlightenment
 k - a potion of degeneration {unknown}
 n - a potion of haste {unknown}
 o - a potion of magic {unknown}
 p - a potion of ambrosia {unknown}
 t - a potion of attraction {unknown}

Dungeon Overview and Level Annotations

Branches:
Dungeon (6/15)              Sewer (visited)
 Temple: D:4-7

Altars:
Gozag

Shops:
D:2 (![(?

Annotations:
D:6 1 runed translucent door, qw's ghost, novice DEHu


Message History

You shoot an arrow.
The arrow closely misses the steam dragon.
You are engulfed in a cloud of scalding steam.
The gnoll sergeant completely misses you.
You shoot an arrow.
The arrow barely misses the steam dragon.
You hear an angry hiss.
The gnoll sergeant hits you from afar with a +0 spear.
The steam dragon misses you.
The steam dragon claws you but does no damage.
You shoot an arrow.
The arrow hits the steam dragon but does no damage.
The gnoll sergeant hits you but does no damage.
The steam dragon closely misses you.
The steam dragon claws you but does no damage.
You shoot an arrow.
The arrow barely misses the steam dragon.
The gnoll sergeant hits you from afar with a +0 spear.
The steam dragon breathes steam at you. The ball of steam hits you!
You hear an angry hiss.
You hear a shout!
4315 ||| DRINKING potion of heal wounds.
You feel much better.
You are engulfed in a cloud of scalding steam.
The gnoll sergeant hits you but does no damage.
The steam dragon bites you! The steam dragon claws you.
You shoot an arrow. The arrow hits the steam dragon!
The arrow freezes the steam dragon.
The steam dragon is moderately wounded.
You are engulfed in a cloud of scalding steam.
The gnoll sergeant closely misses you. The steam dragon bites you.
The steam dragon barely misses you.
You shoot an arrow. The arrow hits the steam dragon.
The arrow freezes the steam dragon.
The steam dragon is severely wounded.
You are engulfed in a cloud of scalding steam.
The gnoll sergeant closely misses you. The steam dragon breathes steam at you.
The ball of steam hits you!
You die...

## ### #.. #... ..
#.### ....########..$
# .T.ggg)g...'... ..
####D# ... ##..@.##
..# ##..¤...## .#
#..¤.....# #
#........#.. ##. #
#........#... ##... .
#........#...###... .
###.))...##........#
#.
#.##....##.........#
#.
##..##''##..........#
#.


You could see a steam dragon (catching breath) and a gnoll sergeant.

Vanquished Creatures
  A troll (D:6)
  A steam dragon (D:6)
  Pargi (Sewer)
  An ice beast (D:6)
  A sky beast (D:6)
  A black bear (D:4)
  2 phantoms
  2 scorpions
  2 orc priests
  A gnoll bouda (D:6)
  Ijyb (D:3)
  3 iguanas
  An orc wizard (D:3)
  6 gnolls
  8 adders
  A white imp (D:5)
  An ufetubus (D:6)
  A worm (D:5)
  2 dart slugs
  7 orcs
  4 endoplasms
  4 giant cockroaches
  9 goblins
  4 hobgoblins
  7 jackals
  3 kobolds
  2 quokkas
  10 ball pythons
  6 bats
  13 frilled lizards
  5 rats
111 creatures vanquished.

Vanquished Creatures (others)
  A gnoll (D:6)
1 creature vanquished.

Grand Total: 112 creatures vanquished

Notes
Turn   | Place    | Note
-------+----------+-------------------------------------------
     0 | D:1      | qw the Deep Elf Hunter began the quest for the Orb.
     0 | D:1      | Reached XP level 1. HP: 12/12 MP: 3/3
     0 | D:1      | 0 ||| qw: Version: 0.3-a-9-g12657ce
     0 | D:1      | 0 ||| qw: Game counter: 4767
     0 | D:1      | 0 ||| qw: Always use a shield: true
     0 | D:1      | 0 ||| qw: God list: Okawaru
     0 | D:1      | 0 ||| qw: Allow faded altars: false
     0 | D:1      | 0 ||| qw: Do Orc after D:15 true
     0 | D:1      | 0 ||| qw: Do second Lair branch before Depths: true
     0 | D:1      | 0 ||| qw: Lair rune preference: random
     0 | D:1      | 0 ||| qw: Plans: Normal
     0 | D:1      | 0 ||| PLANNING D:1-11
    44 | D:1      | Found a faded altar of an unknown god.
   242 | D:1      | Reached skill level 6 in Ranged Weapons
   242 | D:1      | Reached XP level 2. HP: 16/16 MP: 4/4
   759 | D:1      | Reached XP level 3. HP: 20/20 MP: 5/5
   761 | D:1      | 761 ||| UPGRADING to +0 pair of boots.
   766 | D:1      | 766 ||| READING scroll labelled ERHYGI UDGHETZ.
   767 | D:1      | 767 ||| READING 4 scrolls labelled KOHUINECWU.
   768 | D:1      | 768 ||| DROPPING scroll of butterflies.
   769 | D:1      | 769 ||| DROPPING 3 scrolls of revelation.
   876 | D:2      | Found Alos's Distillery.
   880 | D:2      | 880 ||| SHOPLISTING potion of might (44 gold, have 13).
   880 | D:2      | 880 ||| SHOPLISTING potion of mutation (88 gold, have 13).
   918 | D:2      | 918 ||| FLEEEEING.
   919 | D:2      | 919 ||| FLEEEEING.
   947 | D:2      | Found Fapuighu's Armour Shoppe.
   956 | D:2      | 956 ||| SHOPLISTING +0 ring mail of the Arcane {*Slow Will+
                  | Str+3} (173 gold, have 24).
   956 | D:2      | 956 ||| SHOPLISTING +1 robe of Makhleb's Delight {Fly
                  | rPois} (190 gold, have 24).
   956 | D:2      | 956 ||| SHOPLISTING +2 robe of fire resistance (177 gold,
                  | have 24).
  1068 | D:2      | Found Nacleuc's Weapon Shoppe.
  1073 | D:2      | 1073 ||| BUYING +0 orcbow (35 gold).
  1073 | D:2      | Bought a +0 orcbow for 35 gold pieces
  1073 | D:2      | 1073 ||| SWAPPING to +0 orcbow.
  1074 | D:2      | 1074 ||| DROPPING +0 shortbow.
  1145 | D:2      | Found Otuf's Weapon Emporium.
  1311 | D:2      | Found Tojanled's Magic Scroll Shoppe.
  1314 | D:2      | 1314 ||| SHOPLISTING scroll of identify (28 gold, have 4).
  1314 | D:2      | 1314 ||| SHOPLISTING scroll of teleportation (42 gold, have
                  | 4).
  1314 | D:2      | 1314 ||| UPGRADING to +0 ring mail.
  1324 | D:2      | 1324 ||| DROPPING +0 leather armour.
  1325 | D:2      | 1325 ||| READING scroll labelled SETTEF TOTYE.
  1326 | D:2      | 1326 ||| READING scroll labelled MELUTU TELAOD.
  1327 | D:2      | 1327 ||| READING scroll labelled TIAKHO TIEWA.
  1329 | D:2      | 1329 ||| Stepping ~*~*~tactically~*~*~ (cloud).
  1335 | D:2      | HP: 5/20 [poisoned by you (poison gas)]
  1432 | D:3      | Found an opulent altar of Gozag.
  1449 | D:3      | Reached skill level 7 in Ranged Weapons
  1583 | D:3      | Noticed Ijyb
  1586 | D:3      | Paralysed by Ijyb for 4 turns
  1590 | D:3      | Killed Ijyb
  1591 | D:3      | Reached XP level 4. HP: 25/25 MP: 6/6
  1644 | D:3      | Reached skill level 8 in Ranged Weapons
  1648 | D:3      | Reached XP level 5. HP: 15/29 MP: 7/7
  2215 | D:3      | 2215 ||| UPGRADING to +1 leather armour of cold resistance.
  2225 | D:3      | 2225 ||| READING 3 scrolls labelled NAHASEBRA.
  2226 | D:3      | 2226 ||| READING scroll labelled TAZACS TETIEQA.
  2227 | D:3      | 2227 ||| DRINKING 2 clear potions.
  2228 | D:3      | 2228 ||| DRINKING 2 inky potions.
  2229 | D:3      | 2229 ||| DROPPING 2 scrolls of amnesia.
  2232 | D:4      | 2232 ||| PLANNING SEWER
  2324 | D:4      | 2324 ||| FLEEEEING.
  2330 | D:4      | 2330 ||| STAIRDANCE
  2344 | D:3      | 2344 ||| UPGRADING to +2 helmet.
  2349 | D:3      | 2349 ||| READING 3 scrolls of identify.
  2349 | D:3      | 2349 ||| IDENTIFYING grey potion
  2350 | D:3      | 2350 ||| READING 2 scrolls of identify.
  2350 | D:3      | 2350 ||| IDENTIFYING bubbling blue potion
  2466 | D:4      | Noticed a black bear
  2474 | D:4      | Killed a black bear
  2475 | D:4      | Reached skill level 9 in Ranged Weapons
  2476 | D:4      | Reached XP level 6. HP: 33/34 MP: 8/8
  2619 | D:4      | 2619 ||| READING scroll of enchant weapon.
  2619 | D:4      | 2619 ||| ENCHANTING +1 orcbow of freezing.
  2644 | D:4      | Found a glowing drain.
  2645 | D:4      | 2645 ||| READING scroll labelled FEINABL QUJI.
  2650 | D:4      | 2650 ||| Stepping ~*~*~tactically~*~*~ (water).
  2652 | D:4      | 2652 ||| Stepping ~*~*~tactically~*~*~ (water).
  2654 | D:4      | 2654 ||| Stepping ~*~*~tactically~*~*~ (water).
  2656 | D:4      | 2656 ||| Stepping ~*~*~tactically~*~*~ (water).
  2663 | Sewer    | Entered a sewer
  2665 | Sewer    | Reached skill level 3 in Dodging
  2673 | Sewer    | 2673 ||| Stepping ~*~*~tactically~*~*~ (water).
  2695 | Sewer    | 2695 ||| Stepping ~*~*~tactically~*~*~ (water).
  2716 | Sewer    | 2716 ||| READING scroll of enchant weapon.
  2716 | Sewer    | 2716 ||| ENCHANTING +2 orcbow of freezing.
  2733 | Sewer    | 2733 ||| Stepping ~*~*~tactically~*~*~ (water).
  2736 | Sewer    | Noticed Pargi
  2740 | Sewer    | Killed Pargi
  2807 | D:4      | 2807 ||| PLANNING D:1-11
  3012 | D:5      | Entered Level 5 of the Dungeon
  3072 | D:5      | Reached skill level 10 in Ranged Weapons
  3419 | D:5      | Reached XP level 7. HP: 40/40 MP: 9/9
  3810 | D:5      | 3810 ||| UPGRADING to +1 pair of gloves.
  3815 | D:5      | 3815 ||| DROPPING ring of flight.
  3816 | D:5      | 3816 ||| DRINKING 2 pink potions.
  3817 | D:5      | 3817 ||| DROPPING potion of brilliance.
  3924 | D:6      | Reached skill level 11 in Ranged Weapons
  4105 | D:6      | 4105 ||| FLEEEEING.
  4106 | D:6      | 4106 ||| STAIRDANCE
  4135 | D:5      | 4135 ||| DRINKING 2 smoky inky potions.
  4142 | D:6      | Reached skill level 1 in Armour
  4151 | D:6      | 4151 ||| STAIRDANCE
  4210 | D:6      | Identified the +0 robe "Loyxtimn" {Str+3}
  4220 | D:6      | Found a runed translucent door.
  4220 | D:6      | Noticed qw's ghost (novice DEHu)
  4263 | D:6      | Reached XP level 8. HP: 45/45 MP: 10/10
  4281 | D:6      | 4281 ||| Stepping ~*~*~tactically~*~*~ (outnumbered).
  4284 | D:6      | Noticed a troll
  4286 | D:6      | 4286 ||| Stepping ~*~*~tactically~*~*~ (outnumbered).
  4295 | D:6      | HP: 11/45 [troll (13)]
  4296 | D:6      | 4296 ||| DRINKING 3 potions of heal wounds.
  4297 | D:6      | Killed a troll
  4298 | D:6      | Reached skill level 12 in Ranged Weapons
  4300 | D:6      | 4300 ||| DRINKING 2 potions of heal wounds.
  4305 | D:6      | Reached skill level 3 in Fighting
  4314 | D:6      | HP: 6/46 [steam dragon/ball of steam (10)]
  4315 | D:6      | 4315 ||| DRINKING potion of heal wounds.
  4317 | D:6      | Killed from afar by a steam dragon

Levels and vault maps discovered:
D:1:      lightli_arrival_lavapool, layout_basic, ebering_ecumenical_altar_rust
D:2:      layout_rooms, serial_shops, shop, nicolae_shop_rolled_up,
          nicolae_shop_hallway_plus, shop, shop
D:3:      layout_loops_ring, grunt_gozag_statues, minmay_lizard_king, uniq_ijyb
D:4:      layout_loops_ring, cheibrodos_sewer_entry_drain,
          kennysheep_generic_room_3
D:5:      layout_loops_corners, chequers_serial_rivers_micro_d
D:6:      minmay_polygon_palace, layout_cave_pools, gammafunk_ghost_grave,
          serial_park, serial_park_gazebo [serial_park_minivault_5x5_5],
          serial_park_tiny_1, serial_park_tiny_2, serial_park_tiny_1,
          dk_noncrumbling_4, serial_park_tiny_pond

Skill      XL: |  1  2  3  4  5  6  7  8 |
---------------+-------------------------+-----
Ranged Weapons | 6 7 8 9 10 11 12 | 12.5
Dodging        | 3 4 |  4.6
Fighting       | 2 3 |  3.4
Armour         | 1 |  1.8
Stealth        | |  1.2

Action                     |  1- 3 |  4- 6 |  7- 9 || total
---------------------------+-------+-------+-------++-------
   Fire: Shortbow          |    82 |       |       ||    82
         Orcbow            |    15 |   126 |    96 ||   237
    Use: Scroll            |     5 |     7 |       ||    12
         Potion            |       |     2 |     5 ||     7
 Armour: Leather armour    |     7 |    12 |    26 ||    45
         Ring mail         |       |    12 |       ||    12
  Dodge: Dodged            |    21 |    32 |    31 ||    84

Table legend:
 A = Non-vault XP
 B = Vault XP
 C = Vault XP percentage of total XP
 D = Non-vault monster count
 E = Vault monster count
 F = Vault count percentage of total count
                 A         B        C        D         E       F
            +---------+---------+-------+---------+---------+-------
      Total |    1205 |     856 |  41.5 |      84 |      27 |  24.3
            +---------+---------+-------+---------+---------+-------
        D:1 |      42 |       0 |   0.0 |      23 |       0 |   0.0
        D:2 |      20 |       0 |   0.0 |       6 |       0 |   0.0
        D:3 |     122 |      45 |  26.9 |      21 |      10 |  32.3
        D:4 |     189 |       6 |   3.1 |       8 |       4 |  33.3
        D:5 |     333 |       0 |   0.0 |      11 |       0 |   0.0
        D:6 |     499 |     663 |  57.1 |      15 |       5 |  25.0
      Sewer |       0 |     142 | 100.0 |       0 |       8 | 100.0
            +---------+---------+-------+---------+---------+-------
